 Dungeon Crawl Stone Soup version 0.24.1-14-gf8d2b509d9 (webtiles) character file.

Game seed: 12614939870917776371, levelgen mode: deterministic

34 Gabide the Ducker (level 3, -2/22 HPs)
             Began as a Kobold Gladiator on May 22, 2020.
             Slain by a worm (11 damage)
             ... on level 2 of the Dungeon.
             The game lasted 00:01:14 (875 turns).

Gabide the Ducker (Kobold Gladiator)                 Turns: 875, Time: 00:01:14

Health: -2/22      AC:  5    Str: 12    XL:     3   Next: 50%
Magic:  3/3        EV: 16    Int:  9    God:
Gold:   41         SH:  0    Dex: 16    Spells: 2/2 levels left

rFire    . . .     SeeInvis .   a - +0 flail
rCold    . . .     Gourm    .   (shield restricted)
rNeg     . . .     Faith    .   b - +1 leather armour
rPois    .         Spirit   .   c - +0 helmet
rElec    .         Reflect  .   (no cloak)
rCorr    .         Harm     .   (no gloves)
MR       .....                  (no boots)
Stlth    +.........             (no amulet)
HPRegen  0.07/turn              (no ring)
MPRegen  0.08/turn              (no ring)

@: no status effects
A: small, carnivore
a: no special abilities


You were on level 2 of the Dungeon.
You were not hungry.

You visited 1 branch of the dungeon, and saw 2 of its levels.

You collected 41 gold pieces.

Inventory:

Hand Weapons
 a - a +0 flail (weapon)
Missiles
 d - 3 throwing nets (quivered)
Armour
 b - a +1 leather armour (worn)
 c - a +0 helmet (worn)
Scrolls
 g - 4 scrolls of remove curse
Potions
 e - a potion of haste {unknown}
Comestibles
 f - 2 rations


   Skills:
 + Level 2.3 Fighting
 * Level 3.5 Maces & Flails
 - Level 2.1 Throwing
 + Level 0.2 Armour
 + Level 4.1 Dodging


You had 2 spell levels left.
You didn't know any spells.
Your spell library was empty.

Dungeon Overview and Level Annotations

Branches:
Dungeon (2/15)

Altars:


Innate Abilities, Weirdness & Mutations

You are small and have problems with some larger weapons.
You are carnivorous and can eat meat at any time.


Message History

The kobold barely misses you.
You barely miss the kobold. The kobold barely misses you.
You completely miss the kobold. The kobold completely misses you.
The worm misses you. The kobold misses you.
You hit the kobold but do no damage. The kobold barely misses you.
You hit the kobold but do no damage. The worm bites you.
The kobold closely misses you. The goblin closely misses you.
You closely miss the kobold.
The kobold hits you with a +0 short sword.
The worm closely misses you. The goblin hits you but does no damage.
You hit the kobold but do no damage. The kobold completely misses you.
The goblin barely misses you. The worm bites you but does no damage.
The kobold closely misses you.
You closely miss the kobold. The goblin misses you. The kobold misses you.
You completely miss the kobold. The goblin hits you but does no damage.
The kobold completely misses you. The goblin completely misses you.
You closely miss the kobold. The kobold barely misses you. The worm bites you.
The goblin barely misses you. The worm bites you!
Ouch! That really hurt!
You die...

... #....
#...#...#
...#...# ≈≈
###...... ..≈♣
........# .≈≈♣
........# .≈≈♣♣♣≈
......Kw##..≈≈≈≈≈
##g@w.....=.≈ ..
#.......≈≈≈≈ ...
#......≈≈♣♣ #.#
#...?...≈♣
...#<..#.#.≈♣
###.#...#.#.≈≈≈≈
........<.# .≈..
#####.#...#.# ≈≈
..........#.#


You could see 2 worms, a goblin and a kobold.

Vanquished Creatures
  A dart slug (D:1)
  2 leopard geckos (D:1)
  5 bats (D:1)
  4 goblins (D:1)
  5 hobgoblins
  2 jackals (D:1)
  A frilled lizard (D:1)
  4 kobolds (D:1)
  3 rats (D:1)
27 creatures vanquished.

Notes
Turn   | Place    | Note
-------+----------+-------------------------------------------
     0 | D:1      | Gabide the Kobold Gladiator began the quest for the Orb.
     0 | D:1      | Reached XP level 1. HP: 12/12 MP: 1/1
   106 | D:1      | Reached XP level 2. HP: 14/17 MP: 2/2
   244 | D:1      | Reached skill level 4 in Dodging
   244 | D:1      | Reached XP level 3. HP: 16/22 MP: 3/3
   875 | D:2      | Slain by a worm

Levels and vault maps discovered:
D:1:      lordsloth_arrival_two_stooges, layout_basic
D:2:      layout_basic, nemelex_altar_shiori, first_ration,
          chequers_ecumenical_altar_grove, kennysheep_boxes

Skill      XL: |  1  2 |
---------------+-------+-----
Maces & Flails | 3 |  3.5
Dodging        | 4 |  4.1
Fighting       | |  2.3
Throwing       | |  2.1
Armour         | |  0.2

Action                   || total
-------------------------++-------
Melee: Flail             ||    89
  Use: Scroll            ||     5
  Eat: Chunk             ||     2
Armor: Leather armour    ||    26
Dodge: Dodged            ||   101
